 Dungeon Crawl Stone Soup version 0.30.1-4-g462c640d31 (webtiles) character file.

Game seed: 15314935206084457484

170 kr3s1m1r the Caller (level 5, -2/38 HPs)
             Began as a Hill Orc Summoner on Aug 24, 2023.
             Slain by Crazy Yiuf
             ... wielding a +4 quarterstaff of chaos
              (15 damage)
             ... on level 3 of the Dungeon.
             The game lasted 00:10:22 (3036 turns).

kr3s1m1r the Caller (Hill Orc Summoner)             Turns: 3036, Time: 00:10:22

Health: -2/38      AC:  3    Str: 11    XL:     5   Next: 51%
Magic:  1/9        EV: 12    Int: 17    God:
Gold:   163        SH:  0    Dex: 17    Spells: 3/9 levels left

rFire   + . .        b - +0 sling
rCold   x . .        (no shield)
rNeg    . . .        z - +0 robe
rPois   .            l - +0 helmet
rElec   .            (no cloak)
rCorr   .            (no gloves)
SInv    .            (no boots)
Will    .....        (no amulet)
Stlth   ++           i - ring of fire
HPRegen 0.26/turn    p - +6 ring of dexterity
MPRegen 0.11/turn

%: no passive effects
@: no status effects
A: no striking features
a: no special abilities


You were on level 3 of the Dungeon.
You visited 1 branch of the dungeon, and saw 3 of its levels.

You collected 163 gold pieces.

Inventory:

Hand Weapons
 a - a +0 dagger
 b - a +0 sling (weapon)
Armour
 l - a +0 helmet (worn)
 z - a +0 robe (worn)
Jewellery
 i - a ring of fire (left hand)
 p - a +6 ring of dexterity (right hand)
Wands
 g - a wand of charming (8)
Scrolls
 h - a scroll of teleportation {unknown}
 k - 2 scrolls of identify {unknown}
 r - a scroll of brand weapon {unknown}
 s - a scroll of enchant weapon {unknown}
 t - a scroll of vulnerability {unknown}
Potions
 c - a potion of haste {unknown}
 d - a potion of might {unknown}
 e - a potion of flight {unknown}
 f - a potion of lignification {unknown}
 j - 2 potions of heal wounds {unknown}
 m - a potion of magic
 n - a potion of attraction {unknown}
 o - a potion of berserk rage {unknown}
 q - 2 potions of mutation {unknown}


   Skills:
 - Level 1.5 Dodging
 - Level 1.5 Stealth
 + Level 2.8 Spellcasting
 * Level 5.8 Summonings


You had 3 spell levels left.
You knew the following spells:

 Your Spells              Type           Power      Damage    Failure   Level
t - Summon Small Mammal   Summ           88%        N/A       1%          1
u - Call Imp              Summ           44%        N/A       2%          2
z - Call Canine Familiar  Summ           22%        N/A       4%          3

Your spell library contained the following spells:

 Spells                   Type           Power      Damage    Failure   Level
 Summon Guardian Golem    Hex/Summ       12%        N/A       16%         3
 Sandblast                Erth           4%         2d4       19%         1
 Ensorcelled Hibernation  Hex/Ice        4%         N/A       26%         2
 Passwall                 Tmut/Erth      1%         N/A       26%         2
 Frozen Ramparts          Ice            4%         1d1       47%         3
 Spider Form              Tmut/Pois      2%         N/A       47%         3
 Stone Arrow              Conj/Erth      4%         3d7       47%         3
 Summon Ice Beast         Ice/Summ       12%        N/A       47%         4
 Summon Lightning Spire   Summ/Air       12%        N/A       47%         4
 Anguish                  Hex/Necr       1%         N/A       87%         4
 Ice Form                 Ice/Tmut       2%         N/A       87%         4


Dungeon Overview and Level Annotations

Branches:
Dungeon (3/15) Zot: 14913

Altars:
Cheibriados
Okawaru

Annotations:
D:3 Crazy Yiuf


Message History

Casting: Call Imp (safe; 2% risk of failure)
Confirm with . or Enter, or press ? or * to list all spells.
Crazy Yiuf shouts!
You swap places.
Crazy Yiuf hits your hound with a +4 quarterstaff of chaos!
Lightning courses through your hound!
Your hound dies!
Your hound's corpse disappears in a puff of smoke!
Casting: Call Canine Familiar (dangerous; 4% risk of failure)
Confirm with . or Enter, or press ? or * to list all spells.
You miscast Call Canine Familiar.
You are very lightly contaminated with residual magic.
Nothing appears to happen.
Crazy Yiuf screams, "Sif Muna down mobile!"
Casting: Call Canine Familiar (dangerous; 4% risk of failure)
Confirm with . or Enter, or press ? or * to list all spells.
You swap places.
Your hound bites Crazy Yiuf.
Crazy Yiuf hits your hound with a +4 quarterstaff of chaos.
Crazy Yiuf burns your hound.
Your hound bites Crazy Yiuf.
Crazy Yiuf whimpers, "Fire!"
Crazy Yiuf closely misses your hound.
Your hound bites Crazy Yiuf but does no damage.
Crazy Yiuf hits your hound with a +4 quarterstaff of chaos!
Your hound seems to speed up.
Your hound barely misses Crazy Yiuf.
Your hound bites Crazy Yiuf but does no damage.
Your hound barely misses Crazy Yiuf.
Crazy Yiuf hits your hound with a +4 quarterstaff of chaos!
Your hound dies!
Your hound's corpse disappears in a puff of smoke!
Your magical contamination has completely faded away.
Casting: Call Canine Familiar (dangerous; 4% risk of failure)
Confirm with . or Enter, or press ? or * to list all spells.
Crazy Yiuf attacks as you move away!
Crazy Yiuf hits you with a +4 quarterstaff of chaos!
Crazy Yiuf freezes you! Crazy Yiuf attacks as you move away!
Crazy Yiuf hits you with a +4 quarterstaff of chaos!
You die...

♣.♣♣ #.#
♣♣g♣ #.#
♣.♣♣ #.#
♣♣.♣ #.#
♣♣.♣♣ #.#
♣♣...♣ #.#
♣....♣ #.#
##.g## #.#
#.r@.####.#
#.........#
##...######
#####


You could see Crazy Yiuf (ally target) and a friendly quokka (summoned).

Vanquished Creatures
  An adder (D:2)
  A ball python (D:3)
  2 bats
  A hobgoblin (D:1)
  A jackal (D:1)
  A kobold (D:2)
  3 frilled lizards
  2 rats
12 creatures vanquished.

Vanquished Creatures (collateral kills)
  Natasha (twice) (D:3)
  3 adders
  A worm (D:2)
  An orc (D:3)
  5 ball pythons
  5 bats
  9 endoplasms
  2 giant cockroaches
  4 hobgoblins
  A jackal (D:1)
  5 frilled lizards
  12 goblins
  7 kobolds
  9 rats
66 creatures vanquished.

Grand Total: 78 creatures vanquished

Notes
Turn   | Place    | Note
-------+----------+-------------------------------------------
     0 | D:1      | kr3s1m1r the Hill Orc Summoner began the quest for the Orb.
     0 | D:1      | Reached XP level 1. HP: 14/14 MP: 3/3
   105 | D:1      | Reached XP level 2. HP: 7/20 MP: 1/4
   112 | D:1      | Learned a level 2 spell: Call Imp
   413 | D:1      | Reached XP level 3. HP: 26/26 MP: 2/5
   455 | D:1      | Learned a level 3 spell: Call Canine Familiar
  1178 | D:2      | Found a faded altar of an unknown god.
  1205 | D:2      | Reached skill level 5 in Summonings
  1323 | D:2      | Reached XP level 4. HP: 24/33 MP: 1/7
  1901 | D:3      | Noticed Natasha
  1911 | D:3      | Killed Natasha
  2241 | D:3      | Reached XP level 5. HP: 38/38 MP: 3/8
  2326 | D:3      | Found a snail-covered altar of Cheibriados.
  2408 | D:3      | Found an iron altar of Okawaru.
  2627 | D:3      | Noticed Natasha
  2637 | D:3      | Killed Natasha
  2699 | D:3      | Found a runed translucent door.
  2700 | D:3      | Noticed Crazy Yiuf
  3036 | D:3      | Slain by Crazy Yiuf

Illustrated notes

Levels and vault maps discovered:
D:1:      onia_arrival_mini_maze_b, layout_rooms, due_unseen_surprise
D:2:      layout_basic, chequers_ecumenical_altar_simple_redux
D:3:      layout_rooms, cheibriados_altar_1,
          mainiacjoe_overflow_small_starburst, chequers_serial_rivers_large_b,
          minmay_misc_feat_roman, st_stairs_1, uniq_natasha,
          uniq_crazy_yiuf_cottage

Skill      XL: |  1  2  3 |
---------------+----------+-----
Spellcasting   | 2 |  2.8
Summonings     | 5 |  5.8
Dodging        | |  1.5
Stealth        | |  1.5

Action                     |  1- 3 |  4- 6 || total
---------------------------+-------+-------++-------
  Melee: Unarmed           |    11 |       ||    11
         Dagger            |    25 |       ||    25
   Fire: Sling             |       |    15 ||    15
   Cast: Summon Small Mamm |    15 |     3 ||    18
         Call Imp          |     6 |     4 ||    10
         Call Canine Famil |     6 |    21 ||    27
 Armour: Robe              |    12 |     5 ||    17
  Dodge: Dodged            |    39 |    25 ||    64
